 Dungeon Crawl Stone Soup version 0.31-a0-532-g28f74ba3e5 (webtiles) character file.

Game seed: 5471455148166833513

132 duskshroud the Chopper (level 4, -2/60 (61) HPs)
             Began as a Minotaur Berserker on Aug 12, 2023.
             Was a Believer of Trog.
             Slain by a scorpion (4 damage)
             ... on level 4 of the Dungeon.
             The game lasted 00:04:18 (1967 turns).

duskshroud the Chopper (Minotaur Berserker)         Turns: 1967, Time: 00:04:18

HP:   -2/60 (61)    AC:  8    Str: 21    XL:     4   Next: 92%
MP:   3/3           EV: 15    Int:  4    God:    Trog [**....]
Gold: 91            SH:  0    Dex: 12    Spells: 3/3 levels left

rFire   . . .        a - +0 hand axe
rCold   . . .        (no shield)
rNeg    . . .        k - +0 scale mail
rPois   .            (helmet restricted)
rElec   .            j - +0 cloak
rCorr   .            p - +0 pair of gloves
SInv    .            (no boots)
Will    .....        e - amulet of faith Stlth
                     q - +5 ring of evasion
HPRegen 0.30/turn    (no ring)
MPRegen 0.08/turn

%: faith
@: confused, berserking, lightly drained, very quick
A: horns 2, retaliatory headbutt
a: Renounce Religion, Berserk, Trog's Hand


You were on level 4 of the Dungeon.
You worshipped Trog.
Trog was pleased with you.
You visited 1 branch of the dungeon, and saw 4 of its levels.

You collected 91 gold pieces.

Inventory:

Hand Weapons
 a - a +0 hand axe (weapon)
Missiles
 b - 3 throwing nets (quivered)
Armour
 j - a +0 cloak (worn)
 k - a +0 scale mail (worn)
 p - a +0 pair of gloves (worn)
Jewellery
 e - an amulet of faith (around neck)
 q - a +5 ring of evasion (left hand)
Scrolls
 c - a scroll of teleportation {unknown}
 d - 2 scrolls of immolation {unknown}
 g - 3 scrolls of butterflies {unknown}
 h - a scroll of blinking {unknown}
 m - 3 scrolls of identify {unknown}
 n - a scroll of amnesia {unknown}
 o - a scroll of poison {unknown}
Potions
 f - a potion of invisibility {unknown}
 i - 4 potions of enlightenment {unknown}
 l - a potion of curing {unknown}
 r - a potion of attraction {unknown}


   Skills:
 + Level 4.9 Fighting
 * Level 6.0 Axes
 - Level 2.4 Armour
 - Level 2.1 Dodging


You had 3 spell levels left.
You didn't know any spells.
Your spell library was empty.

Dungeon Overview and Level Annotations

Branches:
Dungeon (4/15)
 Temple: D:4-7

Altars:
Cheibriados
Elyvilon
Hepliaklqana


Innate Abilities, Weirdness & Mutations

You have a pair of horns on your head.
You reflexively headbutt those who attack you in melee.


Message History

Trog accepts your kill.
You slash the worm! You closely miss the orc wizard. You slash the orc!
You kill the orc!
Trog accepts your kill.
The orc wizard hits you but does no damage.
The orc priest calls down the wrath of Beogh upon you.
Beogh smites you!
* * * LOW HITPOINT WARNING * * *
You slash the orc wizard!
The orc wizard is severely wounded.
You hit the worm. The worm closely misses you.
The orc wizard gestures at you while chanting.
You are confused.
You're too confused to move!
The orc priest hits you but does no damage.
The orc closely misses you. The orc wizard barely misses you.
You slash the orc priest! You headbutt the orc priest!
You kill the orc priest!
Trog accepts your kill.
You closely miss the orc wizard. You closely miss the orc. You slash the worm!
You kill the worm!
Trog accepts your kill.
Your Axes skill increases to level 6!
You slash the orc!
The orc is almost dead.
You miss the orc wizard. You hit the scorpion. The scorpion barely misses you.
The orc wizard points at you and mumbles some strange words.
The puff of flame misses you.
The orc hits you with a +1 flail of draining!
* * * LOW HITPOINT WARNING * * *
You feel drained.
* * * LOW HITPOINT WARNING * * *
You hit the scorpion.
The scorpion is heavily wounded.
You slash the orc!
You feel the power of Trog in you as your rage grows.
You kill the orc!
Trog accepts your kill.
You hit the orc wizard. The scorpion stings you.
You die...

#. .# #.#
.###.
..#####.#...
#.........#
#........#
#........#
#..).....#
#...†....#
#)).o@...#
###..os).###
#....o...#
#.#._.#..#
#.........#
#..##..###.>.
...# ..##
###. ...#
...# ... ...#


You could see a scorpion, an orc wizard and 2 orcs.

Vanquished Creatures
  An orc priest (D:4)
  An iguana (D:3)
  2 adders
  A worm (D:4)
  6 orcs (D:4)
  2 endoplasms
  A giant cockroach (D:1)
  4 goblins
  6 hobgoblins
  2 jackals (D:2)
  4 kobolds
  5 quokkas
  4 ball pythons
  4 bats
  A frilled lizard (D:2)
  5 rats
49 creatures vanquished.

Notes
Turn   | Place    | Note
-------+----------+-------------------------------------------
     0 | D:1      | duskshroud the Minotaur Berserker began the quest for the
                  | Orb.
     0 | D:1      | Reached XP level 1. HP: 19/19 MP: 0/0
    97 | D:1      | Reached skill level 4 in Axes
   164 | D:1      | Reached XP level 2. HP: 25/27 MP: 1/1
   817 | D:2      | Reached XP level 3. HP: 33/33 MP: 2/2
  1064 | D:2      | Reached ** piety under Trog
  1276 | D:3      | Found a hazy altar of Hepliaklqana.
  1317 | D:3      | Reached skill level 5 in Axes
  1451 | D:3      | Found a white marble altar of Elyvilon.
  1727 | D:3      | Reached XP level 4. HP: 32/41 MP: 3/3
  1914 | D:4      | Noticed a scorpion
  1942 | D:4      | Found a snail-covered altar of Cheibriados.
  1966 | D:4      | Reached skill level 6 in Axes
  1966 | D:4      | HP: 2/60 [orc/+1 flail of draining (2)]
  1967 | D:4      | Slain by a scorpion

Illustrated notes

Levels and vault maps discovered:
D:1:      lemuel_arrival_river_ford, layout_loops_ring,
          corexii_item_surrounded_by_moat, chequers_hall_statues_wall_a
D:2:      layout_basic
D:3:      layout_rooms, mainiacjoe_overflow_brackets,
          nicolae_hepliaklqana_hazy_memory, serial_co_window_serial,
          co_window_paths_a, co_window_paths_a, co_window_paths_b,
          co_window_corner_a, co_window_paths_a, co_window_paths_a,
          co_window_paths_a, co_window_2corner, co_window_corner_b,
          co_window_of_opportunity_b, co_window_unsneaky_path_a,
          co_window_paths_e, glass_columns_a, glass_columns_a, glass_columns_c,
          glass_columns_c
D:4:      layout_rooms, kennysheep_mini_moat, mainiacjoe_overflow_tiny_flanked,
          minmay_temple_entry_hall, uniq_robin

Skill      XL: |  1  2  3  4 |
---------------+-------------+-----
Axes           | 4 5 6 |  6.0
Fighting       | 4 |  4.9
Armour         | |  2.4
Dodging        | |  2.1

Action                     |  1- 3 |  4- 6 || total
---------------------------+-------+-------++-------
  Melee: Hand axe          |    87 |    13 ||   100
         Headbutt          |    12 |     2 ||    14
 Invoke: Berserk           |       |     1 ||     1
   Stab: Sleeping          |     1 |       ||     1
 Armour: Animal skin       |     5 |       ||     5
         Scale mail        |    22 |    11 ||    33
  Dodge: Dodged            |    51 |    17 ||    68

Table legend: (Time is in decaauts)
 A = Elapsed time spent in this place.
 B = Non-inter-level travel time spent in this place.
 C = Inter-level travel time spent in this place.
 D = Time resting spent in this place.
 E = Time spent auto-exploring this place.
 F = Levels seen in this place.
 G = Mean time per level.
                   A        B        C        D        E       F      G
               +--------+--------+--------+--------+--------+-----+--------+
         Total |   1976 |   1923 |     53 |     41 |   1544 |   4 |  494.0 |
       Dungeon |   1976 |   1923 |     53 |     41 |   1544 |   4 |  494.0 |
               +--------+--------+--------+--------+--------+-----+--------+

Top non-repeatable levels by time:
     D:1: 770 daAuts
     D:3: 706 daAuts
     D:2: 474 daAuts
     D:4: 25 daAuts
